 Dungeon Crawl Stone Soup version 0.32-a0-607-g64ea0e4219 (webtiles) character file.

Game seed: 12292810614122440660

37 FIREandBLOOD the Caller (level 3, -2/20 HPs)
             Began as a Tengu Summoner on Mar 4, 2024.
             Slain by Natasha (9 damage)
             ... on level 2 of the Dungeon.
             The game lasted 00:05:09 (1063 turns).

FIREandBLOOD the Caller (Tengu Summoner)            Turns: 1063, Time: 00:05:10

Health: -2/20      AC:  2    Str:  8    XL:     3   Next: 39%
Magic:  7/7        EV: 12    Int: 17    God:
Gold:   33         SH:  0    Dex: 14    Spells: 3/6 levels left

rFire   . . .        d - +0 whip
rCold   . . .        (no shield)
rNeg    . . .        a - +0 robe
rPois   .            (helmet restricted)
rElec   .            (no cloak)
rCorr   .            (no gloves)
SInv    .            (boots unavailable)
Will    .....        h - amulet of magic regeneration
Stlth   ++           (no ring)
HPRegen 0.23/turn    (no ring)
MPRegen 0.50/turn

%: acrobat
@: mighty, slowed, very slow
A: beak, talons 3, acrobatic
a: no special abilities


You were on level 2 of the Dungeon.
You visited 1 branch of the dungeon, and saw 2 of its levels.

You collected 33 gold pieces.

Inventory:

Hand Weapons
 d - a +0 whip (weapon)
Armour
 a - a +0 robe (worn)
Jewellery
 h - an amulet of magic regeneration (around neck)
Scrolls
 c - a scroll of teleportation {unknown}
 e - a scroll of fear {unknown}
 g - 3 scrolls of fog {unknown}
Potions
 b - a potion of magic


   Skills:
 + Level 1.0 Fighting
 + Level 2.7 Dodging
 - Level 2.1 Stealth
 + Level 2.4 Spellcasting
 + Level 5.2 Summonings


You had 3 spell levels left.
You knew the following spells:

 Your Spells              Type           Power      Damage    Failure   Level
a - Summon Small Mammal   Summ           76%        N/A       2%          1
b - Call Imp              Summ           38%        N/A       3%          2

Your spell library contained the following spells:

 Spells                   Type           Power      Damage    Failure   Level
 Call Canine Familiar     Summ           19%        N/A       7%          3
 Summon Blazeheart Golem  Fire/Summ      10%        N/A       54%         4
 Summon Lightning Spire   Summ/Air       10%        N/A       54%         4


Dungeon Overview and Level Annotations

Branches:
Dungeon (2/15)

Altars:

Annotations:
D:2 Natasha


Innate Abilities, Weirdness & Mutations

You have a beak for a mouth.
You have claws for feet.
You can magically evade attacks while moving or waiting.


Message History

The dart slug dies!
Your Fighting skill increases to level 1!
You start resting.
Your rat disappears in a puff of smoke!
HP restored.
Your cerulean imp disappears in a puff of smoke!
Found a stone staircase leading down.
Natasha, Servant of Life and Death comes into view.
She is carrying a wand of flame.
Casting: Summon Small Mammal (safe; 2% risk of failure)
Confirm with . or Enter, or press ? or * to list all spells.
A tiny devil pulls itself out of the air.
Natasha stares at you and mumbles some strange words.
You feel yourself slow down.
Casting: Call Imp (safe; 3% risk of failure)
Confirm with . or Enter, or press ? or * to list all spells.
Natasha zaps a wand.
The puff of flame misses you.
Your cerulean imp hits Natasha from afar with a -3 spear.
Natasha mumbles some strange words.
You barely miss Natasha. Your peck misses Natasha.
Natasha is lightly wounded.
Your cerulean imp closely misses Natasha.
Natasha claws you. The cerulean imp closely misses you.
Your cerulean imp barely misses Natasha.
Your quokka barely misses Natasha.
You hit Natasha. You claw Natasha, but do no damage. You peck Natasha.
Natasha is moderately wounded.
Natasha claws you.
The cerulean imp hits you but does no damage.
Your quokka bites Natasha but does no damage.
Your cerulean imp closely misses Natasha.
Natasha stares at you and mumbles some strange words.
The magic dart hits you!
* * * LOW HITPOINT WARNING * * *
The cerulean imp barely misses you.
Your quokka bites Natasha.
It was a potion of might.
You feel very mighty all of a sudden.
Your cerulean imp hits Natasha from afar with a -3 spear.
Natasha claws you!
You die...
Natasha curls up and begins to purr.

##### ....# ....#
....##
.....################
...............r@.5>#
.....###########h.5.#
###### #.##.# #.# #
..# .## . ..


You could see Natasha (ally target), a cerulean imp (summoned), a friendly
cerulean imp (summoned) and a friendly quokka (summoned).

Vanquished Creatures
  3 endoplasms
  A giant cockroach (D:1)
  3 goblins (D:1)
  3 hobgoblins (D:1)
  A jackal (D:2)
  2 quokkas (D:1)
  4 bats (D:1)
  3 frilled lizards (D:1)
  A kobold (D:1)
21 creatures vanquished.

Vanquished Creatures (collateral kills)
  A ribbon worm (D:2)
  A dart slug (D:2)
  A hobgoblin (D:1)
  A jackal (D:2)
  2 ball pythons (D:1)
  A goblin (D:1)
  2 rats
9 creatures vanquished.

Grand Total: 30 creatures vanquished

Notes
Turn   | Place    | Note
-------+----------+-------------------------------------------
     0 | D:1      | FIREandBLOOD the Tengu Summoner began the quest for the
                  | Orb.
     0 | D:1      | Reached XP level 1. HP: 10/10 MP: 4/4
   180 | D:1      | Reached XP level 2. HP: 15/15 MP: 6/6
   194 | D:1      | Learned a level 2 spell: Call Imp
   206 | D:1      | Reached skill level 5 in Summonings
   663 | D:1      | Reached XP level 3. HP: 15/20 MP: 4/7
   993 | D:2      | Reached skill level 1 in Fighting
  1057 | D:2      | Noticed Natasha
  1063 | D:2      | Slain by Natasha

Illustrated notes

Levels and vault maps discovered:
D:1:      dpeg_arrival_tiny_h, layout_basic, minivault_14
D:2:      layout_basic, basic_altar, uniq_jessica, uniq_natasha

Skill      XL: |  1  2  3 |
---------------+----------+-----
Summonings     | 5 |  5.2
Fighting       | 1 |  1.0
Dodging        | |  2.7
Stealth        | |  2.1
Spellcasting   | |  2.4

Action                     || total
---------------------------++-------
  Melee: Kick              ||    23
         Unarmed           ||     8
         Whip              ||    52
         Peck              ||    12
   Cast: Summon Small Mamm ||     5
         Call Imp          ||    12
    Use: Potion            ||     1
 Armour: Robe              ||    29
  Dodge: Dodged            ||    58

Table legend: (Time is in decaauts)
 A = Elapsed time spent in this place.
 B = Non-inter-level travel time spent in this place.
 C = Inter-level travel time spent in this place.
 D = Time resting spent in this place.
 E = Time spent auto-exploring this place.
 F = Levels seen in this place.
 G = Mean time per level.
                   A        B        C        D        E       F      G
               +--------+--------+--------+--------+--------+-----+--------+
         Total |   1069 |   1029 |     40 |     78 |    664 |   2 |  534.5 |
       Dungeon |   1069 |   1029 |     40 |     78 |    664 |   2 |  534.5 |
               +--------+--------+--------+--------+--------+-----+--------+

Top non-repeatable levels by time:
     D:1: 959 daAuts
     D:2: 109 daAuts
